 Dungeon Crawl Stone Soup version 0.30.0-11-gf55b779eaf (webtiles) character file.

Game seed: 11588654989721189215

108389 Sobieck the Brawler (level 16, -1/165 HPs)
             Began as a Troll Fighter on May 16, 2023.
             Was the Champion of Wu Jian.
             Collided with a rock wall (9 damage)
             ... caused by a salamander mystic
             ... on level 2 of the Lair of Beasts.
             The game lasted 00:55:28 (20484 turns).

Sobieck the Brawler (Troll Fighter)                Turns: 20484, Time: 00:55:30

Health: -1/165     AC: 10    Str: 36    XL:     16   Next: 2%
Magic:  15/15      EV: 11    Int:  8    God:    Wu Jian [******]
Gold:   3104       SH: 16    Dex:  9    Spells: 15/15 levels left

rFire   . .          .
                       - Unarmed
rCold   . . .        b - +0 kite shield
rNeg    . . .        A - +1 troll leather armour {Snorg}
rPois   .            m - +2 hat
rElec   .            k - +0 cloak
rCorr   .            (gloves unavailable)
SInv    .            (boots unavailable)
Will    +....        P - amulet of reflection
Stlth   +            K - ring of flight
HPRegen 2.07/turn    S - +6 ring of strength
MPRegen 0.14/turn

%: reflection
@: flying
A: large, unfitting armour, claws 3, regeneration 1, shaggy fur 1, tough skin 1
a: Renounce Religion, Wall Jump, Serpent's Lash, Heavenly Storm


You were on level 2 of the Lair of Beasts.
You worshipped Wu Jian.
Wu Jian was exalted by your worship.
You visited 5 branches of the dungeon, and saw 24 of its levels.
You also visited: Ossuary, Bailey and Gauntlet.

You collected 3932 gold pieces.
You spent 828 gold pieces at shops.


Innate Abilities, Weirdness & Mutations

You are too large for most types of armour.
You have claws for hands.
Your natural rate of healing is unusually fast.
You are covered in fur. (AC +1)
You have tough skin. (AC +1)


   Skills:
 + Level 12.1 Fighting
 - Level 9.0 Dodging
 - Level 13.0 Shields
 * Level 19.4 Unarmed Combat


You had 15 spell levels left.
You didn't know any spells.
Your spell library contained the following spells:

 Spells                   Type           Power      Damage    Failure   Level
 Kiss of Death            Conj/Necr      0%         2d5       54%         1
 Slow                     Hex            0%         N/A       54%         1
 Sting                    Tmut/Pois      0%         1d3       54%         1
 Ensorcelled Hibernation  Hex/Ice        0%         N/A       69%         2
 Poisonous Vapours        Pois/Air       0%         N/A       69%         2
 Scorch                   Fire           0%         2d5       69%         2
 Confusing Touch          Hex            0%         N/A       89%         3
 Frozen Ramparts          Ice            0%         1d1       89%         3
 Gell's Gravitas          Tloc           0%         N/A       89%         3
 Mephitic Cloud           Conj/Pois/Air  0%         N/A       89%         3
 Portal Projectile        Hex/Tloc       0%         N/A       89%         3
 Spider Form              Tmut/Pois      0%         N/A       89%         3
 Teleport Other           Tloc           0%         N/A       89%         3
 Tukima's Dance           Hex            0%         N/A       89%         3
 Vampiric Draining        Necr           0%         2d6       89%         3
 Vhi's Electric Charge    Tloc/Air       0%         N/A       89%         3
 Anguish                  Hex/Necr       0%         N/A       100%        4
 Dispel Undead            Necr           0%         3d6       100%        4
 Flame Wave               Conj/Fire      0%         2d4       100%        4
 Ice Form                 Ice/Tmut       0%         N/A       100%        4
 Olgreb's Toxic Radiance  Pois           0%         N/A       100%        4
 Summon Ice Beast         Ice/Summ       0%         N/A       100%        4
 Arcjolt                  Conj/Air       0%         1d10      100%        5
 Blade Hands              Tmut           0%         N/A       100%        5
 Freezing Cloud           Conj/Ice/Air   0%         6-21      100%        5
 Irradiate                Conj/Tmut      0%         3d11      100%        5
 Dispersal                Tloc           0%         N/A       100%        6
 Plasma Beam              Fire/Air       0%         2x1d11    100%        6
 Summon Cactus Giant      Summ           0%         N/A       100%        6
 Dragon Form              Tmut           0%         N/A       100%        7

Inventory:

Missiles
 a - 41 poisoned darts (quivered) {throwing}
 i - 3 datura-tipped darts {throwing}
 s - 32 large rocks {=fthrowing}
 B - 12 curare-tipped darts {=fthrowing}
 F - 39 boomerangs {throwing}
 L - 10 javelins {throwing}
Armour
 b - a +0 kite shield (worn)
 k - a +0 cloak (worn)
   (You took it off Maurice on level 10 of the Dungeon)
 m - a +2 hat (worn)
   (You found it on level 1 of the Dungeon)
 A - a +1 troll leather armour (worn) {Snorg}
   (You found it on level 11 of the Dungeon)
Jewellery
 o - a ring of protection from cold
   (You found it on level 1 of the Dungeon)
 w - the amulet of Springtime {Reflect *Slow rCorr Dex+7 SH+5 SInv}
   (You found it in a Gauntlet)

   [amulet of reflection]

   It reflects blocked missile attacks.
   Dex:       It affects your dexterity (+7).
   SInv:      It lets you see invisible.
   rCorr:     It protects you from acid and corrosion.
   *Slow:     It may slow you when you take damage.
   SH:        It affects your SH (+5).
 J - a ring of magical power
   (You found it on level 4 of the Dungeon)
 K - a ring of flight (left claw)
   (You found it on level 7 of the Dungeon)
 P - an amulet of reflection (around neck)
   (You bought it in a shop on level 7 of the Dungeon)
 S - a +6 ring of strength (right claw)
   (You bought it in a shop on level 7 of the Dungeon)
 T - a ring of see invisible
   (You found it on level 4 of the Dungeon)
 Y - a ring of resist corrosion
   (You found it on level 8 of the Dungeon)
Wands
 p - a wand of digging (11)
   (You found it on level 9 of the Dungeon)
 y - a wand of flame (74)
   (You found it on level 3 of the Dungeon)
 G - a wand of light (15)
   (You found it on level 4 of the Dungeon)
 I - a wand of charming (22)
   (You found it on level 5 of the Dungeon)
 W - a wand of iceblast (26)
   (You took it off a wight on level 6 of the Dungeon)
 X - a wand of mindburst (8)
   (You found it on level 8 of the Dungeon)
Scrolls
 h - 14 scrolls of teleportation {@r4}
 l - 4 scrolls of amnesia
 n - 7 scrolls of fog
 r - 2 scrolls of enchant armour
 u - 7 scrolls of poison {!r}
 v - 3 scrolls of vulnerability {!r!r}
 D - 4 scrolls of enchant weapon
 E - a scroll of butterflies
 M - 6 scrolls of noise {!r}
 N - 3 scrolls of immolation {!r!r}
 U - 2 scrolls of blinking {!r}
 V - 2 scrolls of torment {!r}
Potions
 c - 8 potions of might
 d - 2 potions of ambrosia
 e - 7 potions of curing {@q1}
 f - 4 potions of berserk rage {!q}
 g - a potion of resistance
 q - 3 potions of cancellation
 t - 8 potions of flight
 x - 3 potions of heal wounds {@q2}
 z - 7 potions of lignification {!q}
 C - 6 potions of attraction {!q}
 H - 7 potions of haste {@q3}
 O - 2 potions of mutation {!q}
 Q - 5 potions of magic
 R - 5 potions of brilliance
 Z - a potion of invisibility
Miscellaneous
 j - a phial of floods
   (You found it on level 14 of the Dungeon)

Dungeon Overview and Level Annotations

Branches:
Dungeon (15/15) Zot: 25892  Temple (1/1) D:5 Zot: 5830    Lair (5/5) D:11 Zot: 24850
 Shoals (0/4) Lair:3        Snake (1/4) Lair:2 Zot: 5989   Slime (0/5) Lair:5
    Orc (2/2) D:9 Zot: 10853     Elf (0/3) Orc:2        Vaults (0/5) D:14
 Depths (0/4) D:15        Ossuary (visited)          Bailey (visited)
Gauntlet (visited)

Altars:
Ashenzari
Cheibriados
Dithmenos
Elyvilon
Fedhas
Gozag
Hepliaklqana
Kikubaaqudgha
Nemelex Xobeh
Okawaru
Qazlal
Ru
Trog
Uskayaw
Vehumet
Wu Jian
Xom
Yredelemnul
Zin
The Shining One
Jiyva

Shops:
D:7 =([=(   Orc:1 (   Orc:2 :*[(*

Portals:
Trove: D:10 (give +4 ice dragon scales)

Annotations:
D:4 1 runed translucent door, exclusion: statue, Crazy Yiuf
D:14 exclusion: obsidian statue

........P# ##.##
#.......####
.......### ##...#
#.#..#P...##
.....P##
#≈..§###########...
......# ##≈..≈≈##
##.. ..#P###
#≈≈N..≈≈# #.. ..###
#≈≈.>.≈≈# #.. ###
#≈≈...≈≈# #..
##≈≈≈≈≈## #..
##@≈§## #.. #####
#.. #.. #.. #.. ###


You could see a salamander mystic.


Message History

The naga sharpshooter magically shoots a bolt.
You block the bolt with an invisible shield... and reflect it back!
Unknown command.
You spin and attack the naga mage.
You closely miss the naga mage.
The salamander mystic gestures at the naga while chanting.
The naga seems to speed up.
You see here a +0 long sword {long}.
You spin and attack the naga mage.
You eviscerate the naga mage!!!
You kill the naga mage!
The Council accepts your kill.
The naga sharpshooter spits poison at you.
You block splash of poison... and reflect it back!
The splash of poison misses the naga sharpshooter.
Unknown command.
You lunge at the shock serpent, in a flurry of attacks.
You closely miss the shock serpent. You mangle the shock serpent!!
The shock serpent's electric aura discharges, shocking you!
The shock serpent barely misses you.
The naga sharpshooter mumbles some strange words.
The naga sharpshooter magically shoots a bolt.
You block the bolt with an invisible shield... and reflect it back!
A naga warrior comes into view. It is wielding a +0 scimitar.
The shock serpent shoots out a bolt of lightning at you!
The bolt of electricity hits you! The bolt of electricity misses you.
The bolt of electricity misses the shock serpent.
There is a staircase back to the Lair here.
Unknown command.
The naga sharpshooter shoots a bolt.
You block the bolt with an invisible shield... and reflect it back!
The bolt hits the naga sharpshooter!
The bolt burns the naga sharpshooter.
You block the shock serpent's attack.
You fly upwards.
Welcome back to the Lair of Beasts!
There is a staircase to the Snake Pit here.
Unknown command.
Unknown command.
You spin and attack the shock serpent.
You mangle the shock serpent!!
You kill the shock serpent!
The Council accepts your kill.
The air sparks with electricity, shocking you!
Unknown command.
There is a staircase to the Snake Pit here.
You start resting.
Unknown command.
Unknown command.
You fly downwards.
Welcome back to the Snake Pit!
This branch contains the serpentine rune of Zot.
The naga spits poison at you.
You block splash of poison... and reflect it back!
The splash of poison hits the naga.
The naga sharpshooter shoots a bolt.
The bolt hits you!! The bolt burns you.
You block the salamander mystic's attack.
The naga barely misses you. The naga grabs you. The naga constricts you.
The naga sharpshooter shoots a bolt.
You block the bolt with an invisible shield... and reflect it back!
The bolt closely misses the naga sharpshooter.
There is a staircase back to the Lair, spattered with blood here.
Danger!
Unknown command.
You escape the naga's grasp.
You spin and attack the salamander mystic.
You barely miss the salamander mystic.
You spin and attack the naga.
You mangle the naga!!
You kill the naga!
The Council accepts your kill.
The salamander mystic hits you but does no damage.
The naga sharpshooter mumbles some strange words.
The naga sharpshooter magically shoots a bolt.
The bolt hits you!! The bolt burns you.
You see here a +0 long sword {long}.
Unknown command.
You spin and attack the salamander mystic repeatedly.
You scratch the salamander mystic but do no damage.
You mangle the salamander mystic!!
The salamander mystic casts a spell at the naga sharpshooter.
The naga sharpshooter seems to speed up.
The naga warrior spits poison at you.
You block splash of poison... and reflect it back!
The splash of poison misses the naga warrior.
The naga sharpshooter shoots a bolt.
The bolt hits you!! The bolt burns you!
There is a staircase back to the Lair, spattered with blood here.
The naga sharpshooter shoots a bolt.
The bolt hits you!!
* * * LOW HITPOINT WARNING * * *
The bolt burns you!
* * * LOW HITPOINT WARNING * * *
The salamander mystic casts a spell at you.
The bolt of magma hits you!!
* * * LOW HITPOINT WARNING * * *
You fly upwards.
Welcome back to the Lair of Beasts!
There is a staircase to the Snake Pit here.
Unknown command.
Unknown command.
You spin and attack the salamander mystic repeatedly.
You scratch the salamander mystic. You claw the salamander mystic!
The salamander mystic gestures at you while chanting.
The lance of force hits you!!
* * * LOW HITPOINT WARNING * * *
You are knocked back by the lance of force.
You slam into the rock wall!
You die...

Skill      XL: |  1  2  3  4  5  6  7  8  9 10 11 12 13 14 15 |
---------------+----------------------------------------------+-----
Shields        | 3 4 6 7 8 9 10 11 12 13 | 13.0
Unarmed Combat | 3 4 5 6 8 10 11 13 14 16 17 19 | 19.4
Fighting       | 3 4 5 6 7 8 9 11 12 | 12.1
Dodging        | 3 4 6 7 8 9 |  9.0

Action                     |  1- 3 |  4- 6 |  7- 9 | 10-12 | 13-15 | 16-18 || total
---------------------------+-------+-------+-------+-------+-------+-------++-------
  Melee: Unarmed           |    84 |   170 |   350 |   703 |  1423 |    13 ||  2743
  Throw: Stone             |       |    10 |     3 |     9 |       |       ||    22
         Dart              |       |       |       |    10 |     2 |       ||    12
 Invoke: Serpent's Lash    |       |       |       |     1 |     8 |       ||     9
         Heavenly Storm    |       |       |       |       |     1 |       ||     1
Ability: Lunge             |       |       |    17 |    32 |    82 |     1 ||   132
         Whirlwind         |       |       |     1 |   175 |   740 |     8 ||   924
         Wall Jump         |       |       |       |     8 |     5 |       ||    13
    Use: Scroll            |       |       |    16 |     2 |    11 |       ||    29
         Potion            |       |       |       |     4 |     6 |       ||    10
   Stab: Sleeping          |       |       |       |     1 |       |       ||     1
         Petrified         |       |       |       |       |     7 |       ||     7
         Petrifying        |       |       |       |       |     1 |       ||     1
 Armour: Robe              |    40 |    54 |    65 |    27 |       |       ||   186
         Troll leather arm |       |       |       |    70 |   228 |     1 ||   299
  Dodge: Dodged            |    27 |    64 |    93 |   148 |   332 |     3 ||   667
  Block: Kite shield       |    36 |    65 |   106 |   380 |   713 |     9 ||  1309
         Reflection        |       |       |       |     6 |    58 |     5 ||    69

Levels and vault maps discovered:
D:1:      eino_arrival_cavern_e, layout_basic, minmay_door_square
D:2:      layout_rooms, basic_altar, nicolae_ecumenical_snake_handling,
          chequers_serial_rivers_marsh, nicolae_concentric_dashed_squares_wild
D:3:      layout_basic, minmay_misc_feat_more_columns, minivault_27,
          grunt_ministairs_14, minmay_joined_circles
D:4:      layout_cave_pools, vehumet_statue,
          chequers_temple_overflow_minitemple, serial_demonic, serial_demonic_e,
          serial_demonic_f, serial_demonic_d, serial_demonic_c, enter_ossuary_3,
          uniq_crazy_yiuf_cottage, uniq_duvessa
D:5:      layout_basic, xom_teletrap_fun, minmay_temple_entry_stoned_glass
D:6:      layout_rooms, nicolae_kikubaaqudgha_miasma_corner, old_standard_altar,
          uniq_eustachio, uniq_pikel
D:7:      layout_loops_corners, nicolae_qazlal_style_of_elements,
          lemuel_coloured_pillars_altar, serial_shops, shop,
          nicolae_shop_rolling_square, nicolae_diamond_shop,
          nicolae_lakefront_shop, nicolae_shop_statue_plus, enter_bailey_8,
          grunt_ministairs_2, serial_bayou_ford_a, dreamdust_gnoll_farm
D:8:      layout_loops_ring, okawaru_humans, hangedman_decor_opposing
D:9:      layout_loops_corners, nicolae_ru_awakened_eye,
          minmay_orc_entry_guard_dogs
D:10:     layout_cave_pods, nicolae_overflow_hidden_temple, enter_trove_2,
          serial_column_ruins, column_ruins_open_medium,
          column_ruins_columns_dead_end, column_ruins_open_small_water,
          column_ruins_open_small, kennysheep_donut, uniq_nergalle,
          uniq_maurice, uniq_erolcha
D:11:     layout_loops_cross, uniq_sonja, uniq_fannar, uniq_snorg
D:12:     layout_cave_pools, kennysheep_generic_room_12
D:13:     layout_roguey, uniq_frances, uniq_rupert
D:14:     layout_cave_pods, grunt_vaults_entry_fortified, dk_noncrumbling_3,
          gauntlet_entry_generic, minivault_15, kennysheep_generic_room_13
D:15:     grunt_enter_depths_snipers, layout_small_grid, uniq_azrael
Temple:   hellmonk_temple_flake
Lair:1:   layout_chaotic_city, grunt_megastairs_3, lemuel_fruit_fields
Lair:2:   layout_cave_pods, nicolae_snake_entry_warm_welcome,
          nzn_sisyphean_effort
Lair:3:   lemuel_reptile_caves, layout_regular_city, elwin_shoals_entry_rocks
Lair:4:   layout_hall_layers, portal_ice_cave_entry_ice_simulacra, minivault_23,
          kennysheep_basilisk_garden
Lair:5:   guppyfry_lair_end_dragon, layout_gridlike,
          nicolae_slime_entry_field_trip, nicolae_quartered_pool_medium,
          serial_bayou_pond_b, roderic_batcave, serial_bayou_pond_e,
          grunt_megastairs_1
Snake:1:  layout_cave_shapes, serial_bayou_shore_a, uniq_louise
Orc:1:    layout_caves, serial_shops, nicolae_shop_statue_plus, mines2_lemuel
Orc:2:    grunt_orc_gardens, layout_caves, grunt_orc_garden, grunt_orc_garden,
          grunt_orc_garden, grunt_orc_garden, nicolae_shop_gadgets

Notes
Turn   | Place    | Note
-------+----------+-------------------------------------------
     0 | D:1      | Sobieck the Troll Fighter began the quest for the Orb.
     0 | D:1      | Reached XP level 1. HP: 22/22 MP: 0/0
   282 | D:1      | Reached XP level 2. HP: 25/29 MP: 1/1
   295 | D:1      | You pick up a book of Vapours and begin reading...
   295 | D:1      | You add the spells Poisonous Vapours, Mephitic Cloud and
                  | Freezing Cloud to your library.
   763 | D:2      | Found an ancient bone altar of Kikubaaqudgha.
   800 | D:1      | Reached skill level 3 in Shields
   800 | D:1      | Reached XP level 3. HP: 25/36 MP: 2/2
   868 | D:2      | Reached skill level 3 in Unarmed Combat
   879 | D:2      | Reached XP level 4. HP: 44/44 MP: 3/3
  1067 | D:2      | Found a faded altar of an unknown god.
  1309 | D:2      | Reached skill level 3 in Fighting
  1309 | D:2      | Reached skill level 3 in Dodging
  1330 | D:3      | Reached XP level 5. HP: 51/53 MP: 4/4
  1416 | D:3      | Reached skill level 4 in Unarmed Combat
  1443 | D:3      | You pick up a book of Touch and begin reading...
  1443 | D:3      | You add the spells Kiss of Death, Confusing Touch and
                  | Dispel Undead to your library.
  1929 | D:3      | Noticed an ogre
  1940 | D:3      | Killed an ogre
  1941 | D:3      | Reached XP level 6. HP: 41/61 MP: 5/5
  2241 | D:4      | Reached skill level 5 in Unarmed Combat
  2246 | D:4      | Reached skill level 4 in Shields
  2309 | D:4      | Reached XP level 7. HP: 60/68 MP: 6/6
  2323 | D:4      | Reached skill level 4 in Fighting
  2382 | D:4      | You pick up a book of Transfigurations {@e2} and begin
                  | reading...
  2382 | D:4      | You add the spells Irradiate, Blade Hands and Dragon Form
                  | to your library.
  2388 | D:4      | Found a sand-covered staircase.
  2397 | Ossuary  | Entered an ossuary
  2495 | Ossuary  | Reached skill level 6 in Unarmed Combat
  2673 | D:4      | Found a radiant altar of Vehumet.
  2694 | D:4      | Found a runed translucent door.
  2695 | D:4      | Noticed Crazy Yiuf
  2780 | D:4      | Noticed Duvessa
  2780 | D:4      | Noticed Dowan
  2809 | D:4      | Killed Duvessa
  2816 | D:4      | Killed Dowan
  2817 | D:4      | Reached XP level 8. HP: 62/79 MP: 7/7
  2885 | D:4      | Found a bloodstained altar of Trog.
  2885 | D:4      | Found a faded altar of an unknown god.
  2893 | D:4      | Found a white marble altar of Elyvilon.
  2895 | D:4      | Found a faded altar of an unknown god.
  2897 | D:4      | Found a hazy altar of Hepliaklqana.
  3155 | D:5      | Entered Level 5 of the Dungeon
  3179 | D:5      | Identified a scroll of acquirement
  3179 | D:5      | Acquired 1050 gold pieces
  3202 | D:5      | Reached skill level 5 in Shields
  3250 | D:5      | Reached skill level 7 in Unarmed Combat
  3262 | D:5      | Found a staircase to the Ecumenical Temple.
  3297 | Temple   | Entered the Ecumenical Temple
  3455 | Temple   | Became a worshipper of the Wu Jian Council
  3484 | D:5      | Found a shimmering altar of Xom.
  3728 | D:5      | Reached skill level 5 in Fighting
  3983 | D:5      | You add the spells Sting and Olgreb's Toxic Radiance to
                  | your library.
  4416 | D:5      | Reached skill level 8 in Unarmed Combat
  4469 | D:6      | Noticed Pikel
  4494 | D:6      | Killed Pikel
  4495 | D:6      | Reached skill level 6 in Shields
  4495 | D:6      | Reached XP level 9. HP: 57/88 MP: 8/8
  4619 | D:6      | Reached skill level 9 in Unarmed Combat
  4689 | D:6      | Noticed Eustachio
  4710 | D:6      | Killed Eustachio
  4940 | D:6      | Found an ancient bone altar of Kikubaaqudgha.
  4971 | D:6      | Reached * piety under Wu Jian
  5017 | D:6      | Found a sparkling altar of Nemelex Xobeh.
  5135 | D:7      | Found Kume's Antique Weapon Boutique.
  5202 | D:7      | Paralysed by a hornet for 3 turns
  5210 | D:7      | Reached skill level 6 in Fighting
  5213 | D:7      | Found a stormy altar of Qazlal.
  5255 | D:7      | Reached skill level 10 in Unarmed Combat
  5268 | D:7      | Reached skill level 7 in Shields
  5287 | D:7      | Found a hide-covered altar of Uskayaw.
  5337 | D:7      | Found a flagged portal.
  5434 | Bailey   | Entered a bailey
  5719 | Bailey   | Reached XP level 10. HP: 75/98 MP: 9/9
  5720 | Bailey   | Identified the +1 pair of gloves of Free Expression {rF++
                  | Stlth-}
  5726 | Bailey   | Reached ** piety under Wu Jian
  5777 | Bailey   | Found the +7 lajatang of Order {silver, rMut}
  6079 | D:7      | Found Ihumyroo's Armour Shoppe.
  6195 | D:7      | Found Fubum's Jewellery Shop.
  6205 | D:7      | Bought an amulet of reflection for 360 gold pieces
  6398 | D:7      | Found Doshodd's Antique Weapon Emporium.
  6423 | D:7      | Found Miagoup's Jewellery Emporium.
  6429 | D:7      | Bought a +6 ring of strength for 468 gold pieces
  6651 | D:8      | You pick up a book of Dreams and begin reading...
  6651 | D:8      | You add the spells Ensorcelled Hibernation, Spider Form and
                  | Anguish to your library.
  6657 | D:8      | You pick up a book of Scorching and begin reading...
  6657 | D:8      | You add the spells Scorch, Flame Wave and Summon Cactus
                  | Giant to your library.
  6762 | D:8      | Found an iron altar of Okawaru.
  6875 | D:8      | Reached skill level 4 in Dodging
  6879 | D:8      | Reached skill level 11 in Unarmed Combat
  7367 | D:9      | Noticed a two-headed ogre
  7367 | D:9      | Found a staircase to the Orcish Mines.
  7698 | D:9      | Reached skill level 8 in Shields
  7703 | D:9      | Killed a two-headed ogre
  7704 | D:9      | Reached skill level 7 in Fighting
  7762 | D:9      | Found a sacrificial altar of Ru.
  8025 | D:9      | Reached XP level 11. HP: 109/109 MP: 10/10
  8371 | D:9      | Noticed a two-headed ogre
  8387 | D:9      | Killed a two-headed ogre
  8387 | D:9      | Reached *** piety under Wu Jian
  8388 | D:9      | Reached skill level 5 in Dodging
  8388 | D:9      | Reached skill level 12 in Unarmed Combat
  8473 | D:10     | Entered Level 10 of the Dungeon
  8537 | D:10     | You pick up a book of Weapons and begin reading...
  8537 | D:10     | You add the spells Tukima's Dance and Portal Projectile to
                  | your library.
  8542 | D:10     | You pick up a book of Rime and begin reading...
  8542 | D:10     | You add the spells Frozen Ramparts, Ice Form and Summon Ice
                  | Beast to your library.
  8715 | D:10     | Noticed Erolcha
  8754 | D:10     | Killed Erolcha
  8851 | D:10     | Found a shadowy altar of Dithmenos.
  8855 | D:10     | Found a portal to a secret trove of treasure.
  8881 | D:10     | This trove needs +4 ice dragon scales to function. Give it
                  | the item?
  8914 | D:10     | Noticed a brown ugly thing
  8926 | D:10     | Killed a brown ugly thing
  9011 | D:10     | Noticed Nergalle
  9034 | D:10     | Killed Nergalle
  9144 | D:10     | Noticed Maurice
  9155 | D:10     | Killed Maurice
  9509 | D:11     | Found a staircase to the Lair.
  9518 | D:11     | Noticed a two-headed ogre
  9524 | D:11     | Reached skill level 13 in Unarmed Combat
  9524 | D:11     | Noticed a brown ugly thing
  9526 | D:11     | Reached **** piety under Wu Jian
  9527 | D:11     | Reached skill level 9 in Shields
  9534 | D:11     | Killed a two-headed ogre
  9535 | D:11     | Reached skill level 8 in Fighting
  9535 | D:11     | Reached skill level 6 in Dodging
  9539 | D:11     | Killed a brown ugly thing
  9556 | D:11     | Noticed a wizard
  9564 | D:11     | Killed a wizard
  9565 | D:11     | Reached XP level 12. HP: 117/119 MP: 11/11
  9600 | D:11     | Noticed Snorg
  9616 | D:11     | Killed Snorg
  9804 | D:11     | Noticed Sonja
  9812 | D:11     | Killed Sonja
  9853 | D:11     | You add the spells Gell's Gravitas, Teleport Other and
                  | Dispersal to your library.
  9912 | D:11     | Noticed Fannar
  9921 | D:11     | Killed Fannar
 10046 | Lair:1   | Entered Level 1 of the Lair of Beasts
 10227 | Lair:1   | Noticed a boulder beetle
 10238 | Lair:1   | Killed a boulder beetle
 10373 | Lair:1   | Reached skill level 14 in Unarmed Combat
 10759 | Lair:2   | Reached ***** piety under Wu Jian
 10809 | Lair:2   | Reached skill level 7 in Dodging
 10821 | Lair:2   | Identified the +6 dagger of Inflation {freeze, Str+4 Int+2}
 10970 | Lair:2   | Found a staircase to the Snake Pit.
 11015 | Lair:2   | Noticed a boulder beetle
 11029 | Lair:2   | Killed a boulder beetle
 11030 | Lair:2   | Reached skill level 10 in Shields
 11219 | Lair:2   | You fall into a shaft and drop 1 floor!
 11231 | Lair:3   | Reached skill level 9 in Fighting
 11698 | Lair:3   | Reached XP level 13. HP: 79/131 MP: 12/12
 11848 | Lair:3   | Reached skill level 15 in Unarmed Combat
 11946 | Lair:3   | Found a staircase to the Shoals.
 12511 | Lair:3   | HP: 20/131 [death yak (25)]
 12576 | Lair:3   | Reached skill level 8 in Dodging
 12973 | Orc:1    | Entered Level 1 of the Orcish Mines
 12987 | Orc:1    | Found Ximmeas's Antique Weapon Emporium.
 12997 | Orc:1    | Noticed an orc warlord
 13006 | Orc:1    | Killed an orc warlord
 13016 | Orc:1    | Reached skill level 16 in Unarmed Combat
 13049 | Orc:1    | Reached skill level 11 in Shields
 13395 | Orc:2    | Entered Level 2 of the Orcish Mines
 13439 | Orc:2    | Found Yredeth's Antique Weapon Shoppe.
 13467 | Orc:2    | Noticed an orc warlord
 13527 | Orc:1    | Reached XP level 14. HP: 140/141 MP: 13/13
 13541 | Orc:2    | Killed an orc warlord
 13542 | Orc:2    | Reached skill level 10 in Fighting
 13646 | Orc:2    | Noticed an orc warlord
 13662 | Orc:2    | Killed an orc warlord
 13753 | Orc:2    | Found Zuymeow's General Store.
 13767 | Orc:2    | Found Yrogomai's Book Emporium.
 13787 | Orc:2    | Found a staircase to the Elven Halls.
 13901 | Orc:2    | Reached ****** piety under Wu Jian
 13923 | Orc:2    | Found Eweuh's Gadget Gallery.
 13997 | Orc:2    | Found Ceop's Antique Armour Emporium.
 14304 | Lair:4   | You pick up a book of Debilitation and begin reading...
 14304 | Lair:4   | You add the spells Slow and Vampiric Draining to your
                  | library.
 14635 | Lair:4   | Reached skill level 9 in Dodging
 15049 | Lair:5   | Entered Level 5 of the Lair of Beasts
 15073 | Lair:4   | Reached skill level 17 in Unarmed Combat
 15271 | Lair:5   | Found a staircase to the Slime Pits.
 15272 | Lair:5   | Found a viscous altar of Jiyva.
 15575 | Lair:5   | Reached skill level 12 in Shields
 16194 | Lair:5   | HP: 22/144 [fire dragon/blast of flame (50)]
 16195 | Lair:5   | Reached skill level 11 in Fighting
 16195 | Lair:5   | Reached XP level 15. HP: 16/153 MP: 14/14
 16733 | D:12     | Reached skill level 18 in Unarmed Combat
 17158 | D:13     | Noticed Rupert
 17172 | D:13     | Killed Rupert
 17178 | D:13     | HP: 38/154 [poisoned by Rupert]
 17407 | D:13     | Noticed Frances
 17412 | D:13     | Killed Frances
 17738 | D:14     | You pick up a book of Lightning and begin reading...
 17738 | D:14     | You add the spells Vhi's Electric Charge, Arcjolt and
                  | Plasma Beam to your library.
 17798 | D:14     | Found a gate leading to a gauntlet.
 17809 | Gauntlet | Entered a Gauntlet
 17809 | Gauntlet | Found a transporter.
 17809 | Gauntlet | Found a transporter.
 17837 | Gauntlet | Found a runed translucent door.
 17852 | Gauntlet | Found a transporter.
 17853 | Gauntlet | Found a transporter.
 17853 | Gauntlet | Found a transporter.
 17870 | Gauntlet | Found a transporter.
 17874 | Gauntlet | Found a transporter.
 17913 | Gauntlet | Found a transporter.
 17915 | Gauntlet | Found a transporter.
 17915 | Gauntlet | Found a transporter.
 17917 | Gauntlet | Found the +0 pair of fencer's gloves {Riposte Dex+3}
 17938 | Gauntlet | Found a transporter.
 17944 | Gauntlet | Found a runed translucent door.
 17945 | Gauntlet | Found a transporter.
 17946 | Gauntlet | Found a runed translucent door.
 17955 | Gauntlet | Found a transporter.
 17969 | Gauntlet | Found a transporter.
 18174 | Gauntlet | Identified the amulet of Springtime {Reflect *Slow rCorr
                  | Dex+7 SH+5 SInv}
 18179 | Gauntlet | Identified the +7 halberd "Acame" {flame, Will- Dex+7}
 18206 | Gauntlet | Identified the staff of fire "Vuffuo" {rF+ Str+5 Dex-4}
 18206 | Gauntlet | Identified the +2 helmet "Gikoung" {Dex+2}
 18489 | D:14     | HP: 29/154 [something/shard of ice (27)]
 18491 | D:14     | HP: 14/154 [vault guard/+0 long sword (17)]
 18658 | D:14     | Found a gate to the Vaults.
 19281 | D:15     | Entered Level 15 of the Dungeon
 19338 | D:15     | Reached skill level 13 in Shields
 19338 | D:15     | Reached skill level 19 in Unarmed Combat
 19441 | D:15     | Noticed Azrael
 19519 | D:15     | Killed Azrael
 20072 | D:15     | Reached skill level 12 in Fighting
 20232 | D:15     | Found a staircase to the Depths.
 20236 | D:15     | Reached XP level 16. HP: 147/165 MP: 15/15
 20450 | Snake:1  | Entered Level 1 of the Snake Pit
 20482 | Snake:1  | HP: 26/165 [salamander mystic/bolt of magma (23)]
 20484 | Lair:2   | HP: 8/165 [salamander mystic/lance of force (23)]
 20484 | Lair:2   | Collided with a rock wall

Vanquished Creatures
  Rupert (D:13)
  Frances (D:13)
  3 orc warlords
  A stone giant (D:15)
  Azrael (D:15)
  A dire elephant (Gauntlet)
  A minotaur (Gauntlet)
  Snorg (D:11)
  A fire dragon (Lair:5)
  Erolcha (D:10)
  2 rakshasas (D:15)
  5 hydras
  5 vault guards (D:14)
  Fannar (D:11)
  2 catoblepae
  A death knight (D:15)
  7 centaur warriors
  5 boulder beetles
  5 two-headed ogres
  5 death yaks (Lair:3)
  3 tengu warriors
  2 orc high priests (Orc:2)
  A shock serpent (Lair:2)
  Nergalle (D:10)
  2 deep elf knights (D:14)
  2 skysharks
  Sonja (D:11)
  A swamp dragon (Lair:5)
  A wizard (D:11)
  4 orc knights
  Pikel (D:6)
  6 orc sorcerers
  A deep elf pyromancer (D:14)
  8 ugly things
  A salamander (Lair:2)
  7 cyclopes
  2 manticores
  Maurice (D:10)
  23 elephants
  2 black mambas
  A naga mage (Snake:1)
  An unseen horror (D:12)
  7 cane toads
  3 torpor snails (Lair:4)
  A gargoyle (D:14)
  4 rime drakes
  15 komodo dragons
  11 trolls
  A tengu conjurer (D:14)
  4 hornets
  4 polar bears
  7 small abominations (Gauntlet)
  26 blink frogs
  4 large abominations (Gauntlet)
  3 dream sheep
  10 slime creatures (D:12)
  A shadow (D:12)
  2 humans (D:8)
  Eustachio (D:6)
  A wraith (D:11)
  44 yaks
  4 wyverns
  3 fire elementals
  A human (shapeshifter) (D:14)
  2 steam dragons (Lair:5)
  10 basilisks
  A death yak simulacrum (Lair:4)
  2 vampire mosquitoes (D:13)
  10 wargs
  2 nagas (Snake:1)
  3 acid dragons (Lair:5)
  16 water moccasins
  A hell hound (D:14)
  A swamp drake (Lair:5)
  Duvessa (D:4)
  2 ice beasts
  42 orc warriors
  5 black bears
  9 ogres
  25 wolves
  9 centaurs
  A lemure (D:6)
  3 phantoms
  3 kobold brigands
  9 bullfrogs
  2 scorpions
  8 wights
  2 cane toad simulacra (Lair:4)
  Dowan (D:4)
  7 killer bees
  2 vampire bats (Lair:5)
  4 howler monkeys
  3 electric eels
  4 lava snakes (Lair:2)
  A centaur zombie (Ossuary)
  5 hounds
  4 jellies
  3 gnoll boudas
  2 quasits (D:4)
  A human zombie (Ossuary)
  16 orc priests
  16 orc wizards
  21 iguanas
  2 sleepcaps (D:5)
  4 hell rats (Lair:4)
  A wolf simulacrum (Lair:4)
  4 mummies (Ossuary)
  23 gnolls
  7 adders
  A shadow imp (D:4)
  2 white imps
  3 worms
  3 dart slugs
  71 orcs
  12 ball pythons
  10 bats
  9 endoplasms
  3 giant cockroaches
  4 gnoll zombies (Ossuary)
  10 goblins
  8 hobgoblins
  9 jackals
  32 kobolds
  2 quokkas
  15 frilled lizards
  A goblin zombie (Ossuary)
  2 kobold zombies
  4 rats (D:3)
  A rat zombie (D:4)
781 creatures vanquished.

Vanquished Creatures (others)
  A wight (D:6)
  An iguana (Lair:5)
  An orc wizard (D:9)
3 creatures vanquished.

Grand Total: 784 creatures vanquished

Table legend:
 A = Non-vault XP
 B = Vault XP
 C = Vault XP percentage of total XP
 D = Non-vault monster count
 E = Vault monster count
 F = Vault count percentage of total count
                 A         B        C        D         E       F
            +---------+---------+-------+---------+---------+-------
      Total |  105270 |   49572 |  32.0 |     539 |     244 |  31.2
            +---------+---------+-------+---------+---------+-------
        D:1 |      33 |       0 |   0.0 |      12 |       0 |   0.0
        D:2 |     103 |      33 |  24.3 |      27 |       5 |  15.6
        D:3 |     177 |     100 |  36.1 |      16 |      13 |  44.8
        D:4 |     540 |     322 |  37.4 |      18 |       8 |  30.8
        D:5 |    1039 |       0 |   0.0 |      29 |       0 |   0.0
        D:6 |     754 |     795 |  51.3 |      17 |       2 |  10.5
        D:7 |    1026 |     335 |  24.6 |      13 |      12 |  48.0
        D:8 |     783 |     591 |  43.0 |      13 |       3 |  18.8
        D:9 |    4364 |     488 |  10.1 |      34 |       3 |   8.1
       D:10 |    4204 |    2128 |  33.6 |      33 |       3 |   8.3
       D:11 |    4660 |    2598 |  35.8 |      18 |       3 |  14.3
       D:12 |    7975 |       0 |   0.0 |      28 |       0 |   0.0
       D:13 |    2268 |    3434 |  60.2 |       5 |       2 |  28.6
       D:14 |   10269 |    7999 |  43.8 |      21 |      14 |  40.0
       D:15 |    7644 |    3903 |  33.8 |      13 |       5 |  27.8
     Lair:1 |    3443 |     958 |  21.8 |      17 |       7 |  29.2
     Lair:2 |    5475 |    2332 |  29.9 |      19 |      12 |  38.7
     Lair:3 |   14309 |    1967 |  12.1 |      39 |      25 |  39.1
     Lair:4 |   16329 |    1805 |  10.0 |      47 |      14 |  23.0
     Lair:5 |    8833 |    4652 |  34.5 |      26 |      31 |  54.4
    Snake:1 |     754 |       0 |   0.0 |       3 |       0 |   0.0
      Orc:1 |    7186 |       0 |   0.0 |      61 |       0 |   0.0
      Orc:2 |    3102 |    8582 |  73.5 |      30 |      27 |  47.4
    Ossuary |       0 |     166 | 100.0 |       0 |      12 | 100.0
     Bailey |       0 |    1103 | 100.0 |       0 |      28 | 100.0
   Gauntlet |       0 |    5281 | 100.0 |       0 |      15 | 100.0
            +---------+---------+-------+---------+---------+-------

Skill      XL: |  1  2  3  4  5  6  7  8  9 10 11 12 13 14 15 |
---------------+----------------------------------------------+-----
Shields        | 3 4 6 7 8 9 10 11 12 13 | 13.0
Unarmed Combat | 3 4 5 6 8 10 11 13 14 16 17 19 | 19.4
Fighting       | 3 4 5 6 7 8 9 11 12 | 12.1
Dodging        | 3 4 6 7 8 9 |  9.0

Action                     |  1- 3 |  4- 6 |  7- 9 | 10-12 | 13-15 | 16-18 || total
---------------------------+-------+-------+-------+-------+-------+-------++-------
  Melee: Unarmed           |    84 |   170 |   350 |   703 |  1423 |    13 ||  2743
  Throw: Stone             |       |    10 |     3 |     9 |       |       ||    22
         Dart              |       |       |       |    10 |     2 |       ||    12
 Invoke: Serpent's Lash    |       |       |       |     1 |     8 |       ||     9
         Heavenly Storm    |       |       |       |       |     1 |       ||     1
Ability: Lunge             |       |       |    17 |    32 |    82 |     1 ||   132
         Whirlwind         |       |       |     1 |   175 |   740 |     8 ||   924
         Wall Jump         |       |       |       |     8 |     5 |       ||    13
    Use: Scroll            |       |       |    16 |     2 |    11 |       ||    29
         Potion            |       |       |       |     4 |     6 |       ||    10
   Stab: Sleeping          |       |       |       |     1 |       |       ||     1
         Petrified         |       |       |       |       |     7 |       ||     7
         Petrifying        |       |       |       |       |     1 |       ||     1
 Armour: Robe              |    40 |    54 |    65 |    27 |       |       ||   186
         Troll leather arm |       |       |       |    70 |   228 |     1 ||   299
  Dodge: Dodged            |    27 |    64 |    93 |   148 |   332 |     3 ||   667
  Block: Kite shield       |    36 |    65 |   106 |   380 |   713 |     9 ||  1309
         Reflection        |       |       |       |     6 |    58 |     5 ||    69

Illustrated notes

Table legend:
 A = Kills in this place as a percentage of kills in the entire game.
 B = Kills by you in this place as a percentage of kills by you in the entire game.
 C = Kills by friends in this place as a percentage of kills by friends in the entire game.
 D = Other kills in this place as a percentage of other kills in the entire game.
 E = Experience gained in this place as a percentage of experience gained in the entire game.
 F = Experience gained in this place divided by the number of levels of this place that you have seen.
                   A       B       C       D       E      F
               +-------+-------+-------+-------+-------+----------------------
         Total | 100.0 | 100.0 |   N/A | 100.0 | 100.0 | 5734.9
       Dungeon |  47.3 |  47.2 |   N/A |  66.7 |  44.3 | 4571.0
          Lair |  30.3 |  30.3 |   N/A |  33.3 |  38.8 | 12020.6
     Snake Pit |   0.4 |   0.4 |   N/A |   0.0 |   0.5 | 754.0
  Orcish Mines |  15.1 |  15.1 |   N/A |   0.0 |  12.2 | 9435.0
       Ossuary |   1.5 |   1.5 |   N/A |   0.0 |   0.1 | 166.0
        Bailey |   3.6 |   3.6 |   N/A |   0.0 |   0.7 | 1103.0
      Gauntlet |   1.9 |   1.9 |   N/A |   0.0 |   3.4 | 5281.0
               +-------+-------+-------+-------+-------+----------------------

Table legend: (Time is in decaauts)
 A = Elapsed time spent in this place.
 B = Non-inter-level travel time spent in this place.
 C = Inter-level travel time spent in this place.
 D = Time resting spent in this place.
 E = Time spent auto-exploring this place.
 F = Levels seen in this place.
 G = Mean time per level.
                   A        B        C        D        E       F      G
               +--------+--------+--------+--------+--------+-----+--------+
         Total |  20346 |  19092 |   1254 |   1022 |  12834 |  27 |  753.6 |
       Dungeon |  12878 |  12093 |    785 |    585 |   8653 |  15 |  858.5 |
        Temple |    169 |    158 |     11 |      0 |    142 |   1 |  169.0 |
          Lair |   5148 |   4754 |    394 |    269 |   3259 |   5 | 1029.6 |
     Snake Pit |     10 |     10 |      0 |      0 |      0 |   1 |   10.0 |
  Orcish Mines |   1146 |   1083 |     63 |     58 |    573 |   2 |  573.0 |
       Ossuary |    212 |    212 |      0 |      0 |     13 |   1 |  212.0 |
        Bailey |    386 |    386 |      0 |     47 |     26 |   1 |  386.0 |
      Gauntlet |    394 |    394 |      0 |     62 |    168 |   1 |  394.0 |
               +--------+--------+--------+--------+--------+-----+--------+

Top non-repeatable levels by time:
    D:14: 1346 daAuts
  Lair:5: 1199 daAuts
     D:5: 1102 daAuts
     D:9: 1100 daAuts
  Lair:3: 1084 daAuts
    D:10: 1078 daAuts
  Lair:2: 1065 daAuts
     D:7: 1032 daAuts
  Lair:4: 995 daAuts
    D:15: 865 daAuts
     D:8: 856 daAuts
     D:3: 853 daAuts
     D:4: 829 daAuts
  Lair:1: 803 daAuts
     D:1: 734 daAuts
